Mai Shiranui, lawful female human Monk 1 ----- #....| #|.@.--- ###|..&..| # |...&d| 1 | ### ...%}.. -............| # ## |..}..| | ### ------- ----- -|---- % # --... .....-- ### |....- -.....##### |....| |..{.|`## |....----....-# -.<........-- ------------ Mai Shiranui the Initiate Experience level: 9 Strength: 18/04 Dexterity: 13 Constitution: 13 Intelligence: 14 Wisdom: 18 Charisma: 9 Health: 0(54) Energy: 56(56) Def: 12 Gold: 0 Moves: 5067 Dungeon seed: Z8cfF1uTKiPp-HTv Game ID: Mai Shiranui_1525870363 Your Inventory: Amulets B - an uncursed amulet of reflection (being worn) O - an uncursed amulet versus poison Weapons v - an uncursed +2 dagger named Vladsbane Armor c - an uncursed +0 pair of jumping boots e - an uncursed +2 pair of leather gloves (being worn) n - an uncursed +1 robe (being worn) q - an uncursed +0 pair of iron shoes z - a blessed +5 helm of brilliance named Meraviglioso! (being worn) T - a cursed -1 orcish cloak Comestibles f - 7 uncursed food rations g - 5 uncursed apples i - 4 uncursed fortune cookies p - 3 uncursed sprigs of wolfsbane Scrolls F - an uncursed scroll of magic mapping H - an uncursed scroll of blank paper Potions s - a cursed potion of levitation Q - an uncursed potion of restore ability Rings b - an uncursed ring of see invisible m - a blessed +1 ring of gain strength Z - an uncursed ring of cold resistance Wands d - an uncursed wand of polymorph (0:2) j - an uncursed wand of enlightenment (0:2) l - an uncursed wand of cold (0:7) w - an uncursed wand of cancellation (0:7) D - an uncursed wand of light (0:11) X - an uncursed wand of cold (0:6) Tools k - an uncursed magic marker (0:46) o - an uncursed lock pick C - an uncursed +0 pick-axe G - an uncursed blindfold P - a blessed magic lamp Gems r - an uncursed emerald y - an uncursed worthless piece of violet glass N - an uncursed worthless piece of orange glass Y - 2 uncursed worthless pieces of blue glass Spells and supernatural/magical abilities: Name Level Category Fail Memory a - force bolt 1 attack 0% 86% w - wizard lock 2 matter 0% 87% z - sleep 2 enchantment 0% 75% W - pray for help -- divine ? -- Your skills at the end: Miscellaneous Skills martial arts [Expert] wands [Basic] Weapon Skills Spellcasting Skills healing spells [Basic] Final Attributes: You were stridently aligned. You were sleep resistant. You were poison resistant. Your writing hand was a little cramped from use. You saw invisible. You were warned. You had automatic searching. You were very stealthy. You were fast. You had reflection. You are dead. Vanquished creatures: 2 giant mimics a small mimic a tiger a chameleon 2 giant beetles a lynx a giant spider a vampire bat a dwarf mummy a dog a housecat a dwarf lord a raven a gnome mummy 5 human zombies a rope golem 3 soldier ants a bugbear a baby crocodile 4 Mordor orcs 9 Uruk-hai a pony 3 gnome lords 5 gnomish wizards a gray ooze a ghoul a paper golem 2 giant ants a floating eye 2 dwarves 3 quasits 3 iguanas 5 rothes 3 jitterbugs 2 giant bats a monkey a dwarf zombie 2 coyotes 2 gas spores 4 hobbits 4 acid blobs 2 large kobolds 5 geckos 3 hobgoblins a giant rat 2 cave spiders 3 yellow molds 2 green molds 2 red molds 16 gnomes 4 garter snakes 4 manes a gnome zombie 9 jackals 3 foxes 3 newts a goblin a sewer rat 10 grid bugs 4 bats 4 lichens 4 kobold zombies 171 creatures vanquished. Voluntary challenges: You followed a strict vegan diet. You did not cause conflict. You were not invisible. You did not have reflection until turn 4860. You were not displaced. You never hit with a wielded weapon. You did not apply a unicorn horn. You did not use sinks. You read items or engraved 14 times, starting on turn 1083. You never genocided any monsters. You never polymorphed an object. You never changed form. You completed Sokoban on turn 4832, according to the rules. You used no wishes. You never split a pudding. You never wrote Elbereth's name. You violated your moral code, losing 2 points of alignment, starting on turn 969. Dungeon overview: The Dungeons of Doom: levels 1 to 9 Level 1 a long staircase Level 2 stairs to The Gnomish Mines Level 3 a fountain, a sink Level 4 a fountain Level 5 (ho lasciato alcuni libri in una scatola vicino alla scala) an altar to Shan Lai Ching Level 6 (un negozio + T) a general store, a fountain Level 7 many fountains Level 8 a fountain stairs to Sokoban Level 9 <- You were here a fountain The Gnomish Mines: levels 3 to 5 Level 3 stairs to The Dungeons of Doom Level 4 Level 5 many shops, a temple to Shan Lai Ching, a magic chest, some fountains Sokoban: levels 4 to 7 Level 4 a magic chest Level 5 a sink Level 6 Level 7 a magic chest stairs to The Dungeons of Doom History has recorded: On T:1 you entered the Dungeons of Doom to retrieve the Amulet of Yendor! On T:158 you reached level 2 of The Dungeons of Doom. On T:348 you reached level 3 of The Dungeons of Doom. On T:538 you reached level 4 of The Dungeons of Doom. On T:543 you advanced to experience level 2. On T:783 you reached level 5 of The Dungeons of Doom. On T:784 you advanced to experience level 3. On T:897 you reached level 1 of The Gnomish Mines. On T:946 you advanced to experience level 4. On T:1044 you advanced to experience level 5. On T:1119 you reached level 2 of The Gnomish Mines. On T:1272 you reached level 3 of The Gnomish Mines. On T:1311 you advanced to experience level 6. On T:1318 you entered the Minetown temple On T:1905 you opened a magic chest. On T:2294 you reached level 6 of The Dungeons of Doom. On T:2749 you prayed to Shan Lai Ching. On T:2783 you reached level 7 of The Dungeons of Doom. On T:2816 you advanced to experience level 7. On T:3022 you reached level 8 of The Dungeons of Doom. On T:3117 you reached level 4 of Sokoban. On T:3505 you reached level 3 of Sokoban. On T:3732 you reached level 2 of Sokoban. On T:4148 you reached level 1 of Sokoban. On T:4157 you advanced to experience level 8. On T:4832 you advanced to experience level 9. On T:4832 you entered the Sokoban zoo. On T:5038 you reached level 9 of The Dungeons of Doom. Score breakdown: Gold: 0 ( 0 points) Experience: 9 levels ( 800 points) Exploration: 9 levels ( 240 points) Discoveries: 22 items ( 1100 points) Variety of kills: 62 monsters ( 2000 points) Major goal: finished Sokoban ( 1000 points) Survival: died (score multiplied by 3) Total score: 15420 Latest messages: You strike the tiger! You kill the tiger! You see here a tiger corpse. You hear bubbling water. You strike the human zombie! You destroy the human zombie! You see here an unlabeled scroll. H - an unlabeled scroll. The bugbear misses. You kill the bugbear! There is a pool of shallow water here. You see here a bugbear corpse. The leocrotta claws you! The leocrotta bites! The leocrotta claws you! A bear trap closes on your foot! You are caught in a bear trap. The vrock claws you! (4x) The vrock pecks! You die... Final status: Goodbye Mai Shiranui the Monk, killed by a vrock... You died in The Dungeons of Doom on dungeon level 9 with 15420 points, and 0 pieces of gold, after 5067 moves. You were level 9 with a maximum of 54 hit points when you died.